 Dungeon Crawl Stone Soup version 0.17-a0-15-g0155121 (console) character file.

41 MrRokkomies the Insei (level 3, 0/23 HPs)
             Began as an Octopode Transmuter on Mar 5, 2015.
             Was an Initiate of Cheibriados.
             Succumbed to an adder's poison
             ... on level 2 of the Dungeon.
             The game lasted 00:04:52 (1209 turns).

MrRokkomies the Insei (Octopode Transmuter)         Turns: 1209, Time: 00:04:52

Health: 0/23       AC:  1    Str: 10    XL:     3   Next: 52%
Magic:  4/6        EV: 19    Int: 16    God:    Cheibriados [......]
Gold:   74         SH:  0    Dex: 21    Spells: 1 memorised, 5 levels left

rFire  . . .     SeeInvis .       - Unarmed
rCold  . . .     Clarity  +     (no shield)
rNeg   . . .     SustAb   .     (helmet restricted)
rPois  .         Gourm    .     (no amulet)
rElec  .         Spirit   .     (no ring)
rCorr  .         Warding  .     (no ring)
rMut   .         Stasis   .     (no ring)
MR     .....                    (no ring)
Stlth  ++++......               (no ring)
                                (no ring)
                                (no ring)
                                (no ring)

@: agile, lethally poisoned (0 -> -7), very slow, not resistant to hostile
enchantments, stealthy
A: almost no armour, amphibious, 8 rings, constrict 8, camouflage 1, agile 1,
clarity, deterioration 1, gelatinous body 1
a: Bend Time, Renounce Religion


You were on level 2 of the Dungeon.
You worshipped Cheibriados.
Cheibriados was noncommittal.
You were not hungry.

You visited 1 branch of the dungeon, and saw 2 of its levels.

You collected 74 gold pieces.

Inventory:

Hand weapons
 i - a +1 dagger
Missiles
 b - 12 arrows
 l - 27 stones (quivered)
Scrolls
 g - a scroll of recharging
Potions
 c - 2 potions of might
 e - a potion of haste
Books
 d - a book of Changes

   Spells                             Type                      Level
   a - Beastly Appendage              Transmutation                1
   b - Sticks to Snakes               Transmutation                2
   c - Spider Form                    Transmutation/Poison         3
   d - Ice Form                       Ice/Transmutation            4
   e - Blade Hands                    Transmutation                5
Comestibles
 a - a bread ration
 f - a meat ration


   Skills:
 - Level 1.0 Fighting
 * Level 2.9 Dodging
 * Level 3.8 Unarmed Combat
 - Level 2.0 Spellcasting
 - Level 2.0 Transmutations


You had 5 spell levels left.
You knew the following spells:

 Your Spells              Type           Power        Failure   Level  Hunger
a - Beastly Appendage     Trmt           #.....       10%         1    #......


Dungeon Overview and Level Annotations

Branches:
Dungeon (2/15)

Altars:
Cheibriados


Innate Abilities, Weirdness & Mutations

You cannot wear most types of armour.
You are amphibious.
You can wear up to eight rings at the same time.
You can use your tentacles to constrict many enemies at once.
Your skin changes colour to match your surroundings (Stealth).
Your rubbery body absorbs attacks (AC +1).
You are agile. (Dex +2)
You possess an exceptional clarity of mind.
Your body is slowly deteriorating.


Message History

Drink which item? (? for menu, Esc to quit)
Okay, then.
Unknown command.
Unknown command.
* * * LOW HITPOINT WARNING * * *
You feel sick.
You see here an adder corpse.
* * * LOW HITPOINT WARNING * * *
You feel sick.
Found a stone staircase leading down.
Found 10 gold pieces.
Things that are here:
a stone; a jackal corpse
* * * LOW HITPOINT WARNING * * *
You feel sick.
* * * LOW HITPOINT WARNING * * *
You feel sick.
* * * LOW HITPOINT WARNING * * *
You feel sick.
You die...

...######..#...# ##...###
#.........##..## ###...#
#.#............#### ###.#
#.######).........## ####.#
#.# #..[...#..###..## ##....#
#.###(###.##.....#....##..####
#.##..#...((.....####......#
##.##.##..(.........###...<.#
.........(......@# #.....#
##...##†#........# #..######
#......#..............
#....####...........## #..###
#......>.##.# #..# #..<...$.#
.# #.## #........# . #.
#........# .. ##########


There were no monsters in sight!

Vanquished Creatures
  2 adders (D:2)
  A giant gecko (D:1)
  An ooze (D:1)
  A bat (D:2)
  A giant cockroach (D:1)
  6 goblins
  4 hobgoblins (D:1)
  3 jackals (D:2)
  2 giant newts (D:1)
  A kobold (D:1)
  2 rats (D:1)
24 creatures vanquished.

Notes
Turn   | Place    | Note
--------------------------------------------------------------
     0 | D:1      | MrRokkomies, the Octopode Transmuter, began the quest for the Orb.
     0 | D:1      | Reached XP level 1. HP: 13/13 MP: 3/3
   318 | D:1      | Reached XP level 2. HP: 15/18 MP: 4/4
   748 | D:1      | Found a snail-covered altar of Cheibriados.
   751 | D:1      | Became a worshipper of Cheibriados the Contemplative
  1130 | D:2      | Reached XP level 3. HP: 21/23 MP: 4/6
  1199 | D:2      | Gained mutation: You possess an exceptional clarity of mind. [potion of mutation]
  1199 | D:2      | Gained mutation: Your body is slowly deteriorating. [potion of mutation]
  1199 | D:2      | Gained mutation: You are agile. (Dex +2) [potion of mutation]
  1206 | D:2      | HP: 1/23 [poisoned by an adder]
  1209 | D:2      | Succumbed to an adder's poison

Action                   || total
-------------------------++-------
Melee: Unarmed           ||    59
       Dagger            ||     1
Throw: Stone             ||     7
 Cast: Beastly Appendage ||     5
  Use: Scroll            ||     7
       Potion            ||     4
 Stab: Sleeping          ||     2
  Eat: Chunk             ||     1
